 Dungeon Crawl Stone Soup version 0.29.0-4-gdea44cf6ec (webtiles) character file.

Game seed: 17767054968225286520

175 qw the Chopper (level 5, -3/30 HPs)
             Began as a Tengu Warper on Aug 28, 2022.
             Slain by an orc
             ... wielding a +0 scythe
              (4 damage)
             ... on level 3 of the Dungeon.
             The game lasted 00:00:23 (4037 turns).

qw the Chopper (Tengu Warper)                       Turns: 4037, Time: 00:00:23

Health: -3/30      AC:  8    Str: 13    XL:     5   Next: 55%
Magic:  9/9        EV:  7    Int: 14    God:
Gold:   208        SH:  0    Dex: 13    Spells: 8/8 levels left

rFire   . . .      SeeInvis .   Y - +0 hand axe
rCold   . . .      Faith    .   (no shield)
rNeg    . . .      Spirit   .   i - +0 chain mail
rPois   .          Reflect  .   (helmet restricted)
rElec   .          Harm     .   (no cloak)
rCorr   .          Rampage  .   (no gloves)
Will    .....                   (boots unavailable)
Stlth   ..........              d - amulet of the acrobat
HPRegen 0.10/turn               (no ring)
MPRegen 0.11/turn               (no ring)

@: flying quickly and evasively, quick
A: beak, talons 3, nimble flight
a: no special abilities


You were on level 3 of the Dungeon.
You visited 1 branch of the dungeon, and saw 4 of its levels.

You collected 208 gold pieces.


Innate Abilities, Weirdness & Mutations

You have a beak for a mouth.
You have claws for feet.
Your magical nature lets you fly swiftly and evasively.


   Skills:
 - Level 2.0 Fighting
 - Level 6.1 Axes
 - Level 1.0 Throwing
 + Level 1.3 Armour
 - Level 2.1 Dodging
 - Level 2.0 Spellcasting
 - Level 2.4 Translocations


You had 8 spell levels left.
You didn't know any spells.
Your spell library contained the following spells:

 Spells                   Type           Power      Damage    Failure   Level
 Blink                    Tloc           16%        N/A       99%         2
 Gell's Gravitas          Tloc           8%         N/A       100%        3
 Lesser Beckoning         Tloc           8%         N/A       100%        3
 Teleport Other           Tloc           8%         N/A       100%        3
 Manifold Assault         Tloc           8%         N/A       100%        5

Inventory:

Hand Weapons
 e - a +0 whip
 Y - a +0 hand axe (weapon)
Armour
 i - a +0 chain mail (worn)
Jewellery
 b - an amulet of guardian spirit
 d - an amulet of the acrobat (around neck)
Potions
 a - a potion of resistance {unknown}
 c - a potion of lignification {unknown}
 f - a potion of curing
 h - a potion of ambrosia {unknown}
 j - a potion of flight {unknown}
 k - a potion of cancellation {unknown}

Dungeon Overview and Level Annotations

Branches:
Dungeon (4/15)
 Temple: D:4-7

Altars:

Annotations:
D:3 1 transporter, qw's ghost, weakling TeWr


Message History

HP restored.
Things that are here:
a +0 short sword; a stone
Found a stone staircase leading up.
An orc comes into view. It is wielding a +0 scythe.
Found a scale mail.
The orc shouts!
You hear a shout!
The orc moves out of view.
An orc comes into view. It is wielding a +0 scythe.
An orc comes into view. It is wielding a +0 scythe.
The orc shouts!
An orc comes into view. It is wielding a +0 scythe. x2
The orc shouts!
The orc misses you. The orc completely misses you.
There is a stone staircase leading up here.
4031 ||| STAIRDANCE The orc hits you from afar with a +0 scythe!
The orc hits you from afar with a +0 scythe.
The orc hits you but does no damage.
You fly upwards.
Level annotation: 1 transporter, qw's ghost, weakling TeWr
There is a stone staircase leading down here.
You closely miss the orc. You claw the orc.
The orc is lightly wounded.
The orc hits you with a +0 scythe!
You barely miss the orc.
The orc is lightly wounded.
The orc hits you with a +0 scythe.
You hit the orc.
The orc is heavily wounded.
The orc closely misses you.
You hit the orc but do no damage. You claw the orc. Your peck misses the orc.
Your punch misses the orc.
The orc is almost dead.
The orc hits you with a +0 scythe!
You barely miss the orc. Your kick misses the orc.
The orc is almost dead.
The orc hits you with a +0 scythe.
You die...

.#.#.#.#.#.#.#.#.#.#.##..# #....
#.#.#.#.#.#.#.#.#.##.#...####....
.#.#.#.#.#.#.#.#.#.#.#...........
#.#.#.#.#.#.#.#.#.#..............
.#.#.#.#.#.#.#.#.#..###..........
#.#.#.#.#.#.#.#.#.### #..........
+#+#.#.#.#.#.#.#.#.# #.<........
....#.#.#.#.#.#.#.#####..........
..[.+#.#.#.#.#.#@.....)..........
....###########.#o..###..........
....# #.#...# #######.... #####
#.#...# #.... ....# #.##'## #....
....# #.##.##########....
######## #.##..........'....
.......# #.#############....
######.########.# #....


You could see an orc.

Vanquished Creatures
  A hound (D:2)
  Ijyb (D:3)
  2 adders (D:3)
  A shadow imp (D:3)
  A worm (D:2)
  An orc (D:3)
  5 bats
  6 endoplasms
  2 giant cockroaches (D:4)
  12 goblins
  5 hobgoblins
  13 jackals
  10 kobolds
  3 quokkas
  7 ball pythons
  3 frilled lizards
  6 rats
79 creatures vanquished.

Notes
Turn   | Place    | Note
-------+----------+-------------------------------------------
     0 | D:1      | qw the Tengu Warper began the quest for the Orb.
     0 | D:1      | Reached XP level 1. HP: 12/12 MP: 4/4
     0 | D:1      | 0 ||| qw: Version: 0.1-a-89-g26bdef1
     0 | D:1      | 0 ||| qw: Game counter: 3337
     0 | D:1      | 0 ||| qw: Always use a shield: true
     0 | D:1      | 0 ||| qw: God list: Okawaru
     0 | D:1      | 0 ||| qw: Allow faded altars: false
     0 | D:1      | 0 ||| qw: Do Orc after D:15 true
     0 | D:1      | 0 ||| qw: Do second Lair branch before Depths: true
     0 | D:1      | 0 ||| qw: Lair rune preference: random
     0 | D:1      | 0 ||| qw: Plans: Normal
     0 | D:1      | 0 ||| PLANNING D:1-11
    83 | D:1      | 83 ||| Stepping ~*~*~tactically~*~*~ (stealth).
   103 | D:1      | Reached XP level 2. HP: 6/17 MP: 6/6
   104 | D:1      | Reached skill level 3 in Axes
   467 | D:1      | 467 ||| Stepping ~*~*~tactically~*~*~ (stealth).
  1188 | D:1      | 1188 ||| READING scroll labelled NUDOIS YQOQ.
  1189 | D:1      | 1189 ||| DRINKING 2 fuming green potions.
  1190 | D:1      | 1190 ||| DRINKING 2 grey potions.
  1191 | D:1      | 1191 ||| DROPPING scroll of blinking.
  1282 | D:2      | Reached XP level 3. HP: 21/21 MP: 7/7
  1300 | D:2      | Found a faded altar of an unknown god.
  1327 | D:2      | 1327 ||| Stepping ~*~*~tactically~*~*~ (stealth).
  1447 | D:2      | Reached skill level 4 in Axes
  1504 | D:2      | 1504 ||| Stepping ~*~*~tactically~*~*~ (stealth).
  1506 | D:2      | 1506 ||| Stepping ~*~*~tactically~*~*~ (stealth).
  1508 | D:2      | 1508 ||| Stepping ~*~*~tactically~*~*~ (stealth).
  1795 | D:2      | Reached XP level 4. HP: 16/26 MP: 8/8
  2084 | D:2      | 2084 ||| FLEEEEING.
  2207 | D:2      | 2207 ||| READING scroll labelled MINUXE YREA.
  2208 | D:2      | 2208 ||| READING scroll labelled BERUFFEMPI.
  2209 | D:2      | 2209 ||| READING scroll labelled LUBLIPPIUN.
  2210 | D:2      | 2210 ||| READING scroll labelled HAKLIQ ACOOME.
  2311 | D:2      | 2311 ||| READING scroll labelled QOMAHO CAOH RIN.
  2314 | D:2      | 2314 ||| DRINKING 2 metallic puce potions.
  2315 | D:2      | 2315 ||| DROPPING potion of invisibility.
  2397 | D:3      | Reached skill level 5 in Axes
  2739 | D:3      | 2739 ||| Stepping ~*~*~tactically~*~*~ (stealth).
  2801 | D:3      | 2801 ||| Stepping ~*~*~tactically~*~*~ (hiding).
  2813 | D:3      | Gained mutation: Your magical nature lets you fly swiftly
                  | and evasively. [Tengu growth]
  2813 | D:3      | Reached XP level 5. HP: 23/30 MP: 9/9
  2987 | D:3      | Identified the +4 great mace of Hepliaklqana's Pride
                  | {drain, rPois}
  2987 | D:3      | Noticed an ogre
  2988 | D:3      | Noticed qw's ghost (weakling TeWr)
  2988 | D:3      | Noticed an ogre
  2989 | D:3      | Found a transporter.
  3458 | D:3      | Noticed Ijyb
  3459 | D:3      | 3459 ||| Stepping ~*~*~tactically~*~*~ (stealth).
  3461 | D:3      | 3461 ||| Stepping ~*~*~tactically~*~*~ (stealth).
  3463 | D:3      | 3463 ||| Stepping ~*~*~tactically~*~*~ (hiding).
  3473 | D:3      | HP: 7/30 [Ijyb/+0 club (6)]
  3474 | D:3      | 3474 ||| DRINKING 2 potions of heal wounds.
  3485 | D:3      | HP: 5/30 [Ijyb/+0 club (4)]
  3486 | D:3      | 3486 ||| DRINKING potion of heal wounds.
  3502 | D:3      | Killed Ijyb
  3503 | D:3      | Reached skill level 6 in Axes
  3524 | D:3      | 3524 ||| FLEEEEING.
  3525 | D:3      | 3525 ||| FLEEEEING.
  3526 | D:3      | 3526 ||| FLEEEEING.
  3527 | D:3      | 3527 ||| FLEEEEING.
  3528 | D:3      | 3528 ||| FLEEEEING.
  3530 | D:3      | 3530 ||| FLEEEEING.
  3531 | D:3      | 3531 ||| FLEEEEING.
  3533 | D:3      | 3533 ||| FLEEEEING.
  3534 | D:3      | 3534 ||| FLEEEEING.
  3536 | D:3      | 3536 ||| FLEEEEING.
  3537 | D:3      | 3537 ||| FLEEEEING.
  3538 | D:3      | 3538 ||| FLEEEEING.
  3542 | D:3      | 3542 ||| STAIRDANCE
  3643 | D:2      | 3643 ||| UPGRADING to +0 chain mail.
  3653 | D:2      | 3653 ||| DROPPING +0 leather armour.
  3654 | D:2      | 3654 ||| UPGRADING to amulet of the acrobat.
  3991 | D:4      | 3991 ||| Stepping ~*~*~tactically~*~*~ (stealth).
  4031 | D:4      | 4031 ||| STAIRDANCE
  4036 | D:3      | HP: 1/30 [orc/+0 scythe (8)]
  4037 | D:3      | Slain by an orc

Levels and vault maps discovered:
D:1:      saegor_arrival_miasma, layout_loops_corners
D:2:      layout_loops_ring, chequers_ecumenical_altar_island
D:3:      kennysheep_goblin_castle, layout_basic, gammafunk_ghost_smash
D:4:      layout_loops_cross, nrook_campfire, st_stairs_3, sigmund_army,
          uniq_sigmund

Skill      XL: |  1  2  3  4  5 |
---------------+----------------+-----
Axes           | 3 4 5 6 |  6.1
Fighting       | |  2.0
Throwing       | |  1.0
Armour         | |  1.3
Dodging        | |  2.1
Spellcasting   | |  2.0
Translocations | |  2.4

Action                   |  1- 3 |  4- 6 || total
-------------------------+-------+-------++-------
Melee: Hand axe          |    75 |   155 ||   230
       Kick              |    18 |    30 ||    48
       Peck              |    11 |    24 ||    35
       Punch             |       |     1 ||     1
Throw: Boomerang         |     7 |       ||     7
  Use: Potion            |     2 |     3 ||     5
       Scroll            |     1 |     5 ||     6
Armor: Leather armour    |    18 |    25 ||    43
       Chain mail        |       |     6 ||     6
Dodge: Dodged            |    41 |   114 ||   155

Table legend:
 A = Non-vault XP
 B = Vault XP
 C = Vault XP percentage of total XP
 D = Non-vault monster count
 E = Vault monster count
 F = Vault count percentage of total count
                 A         B        C        D         E       F
            +---------+---------+-------+---------+---------+-------
      Total |     191 |      60 |  23.9 |      67 |      12 |  15.2
            +---------+---------+-------+---------+---------+-------
        D:1 |      32 |       0 |   0.0 |      18 |       0 |   0.0
        D:2 |      80 |       0 |   0.0 |      21 |       0 |   0.0
        D:3 |      72 |      60 |  45.5 |      24 |      12 |  33.3
        D:4 |       7 |       0 |   0.0 |       4 |       0 |   0.0
            +---------+---------+-------+---------+---------+-------
